 Dungeon Crawl Stone Soup version 0.27.1-33-g824d729ab1 (webtiles) character file.

Game seed: 4906190385433274933

39 raph the Firebug (level 3, 0/19 HPs)
             Began as a Deep Elf Fire Elementalist on Dec 20, 2021.
             Slain by a giant cockroach (1 damage)
             ... on level 2 of the Dungeon.
             The game lasted 00:02:37 (1439 turns).

raph the Firebug (Deep Elf Fire Elementalist)       Turns: 1439, Time: 00:02:37

Health: 0/19       AC:  2    Str: 11    XL:     3   Next: 26%
Magic:  1/9        EV: 12    Int: 20    God:
Gold:   73         SH:  0    Dex: 15    Spells: 4/8 levels left

rFire    . . .     SeeInvis .   f - +0 dagger (venom)
rCold    . . .     Faith    .   (no shield)
rNeg     . . .     Spirit   .   a - +0 robe
rPois    .         Reflect  .   (no helmet)
rElec    .         Harm     .   (no cloak)
rCorr    .         Rampage  .   (no gloves)
Will     .....                  (no boots)
Stlth    ++........             (no amulet)
HPRegen  0.06/turn              e - +6 ring of strength
MPRegen  0.11/turn              (no ring)

@: no status effects
A: no striking features
a: no special abilities


You were on level 2 of the Dungeon.
You visited 1 branch of the dungeon, and saw 2 of its levels.

You collected 73 gold pieces.

Inventory:

Hand Weapons
 f - a +0 dagger of venom (weapon)
Armour
 a - a +0 robe (worn)
Jewellery
 e - a +6 ring of strength (left hand)
Potions
 b - a potion of degeneration {unknown}
 c - a potion of mutation {unknown}
 d - a potion of might {unknown}


   Skills:
 - Level 2.4 Dodging
 - Level 2.4 Stealth
 - Level 3.0 Spellcasting
 + Level 2.6 Conjurations
 + Level 4.1 Fire Magic


You had 4 spell levels left.
You knew the following spells:

 Your Spells              Type           Power      Damage    Failure   Level
a - Foxfire               Conj/Fire      64%        2x1d7     3%          1
b - Conjure Flame         Conj/Fire      16%        6-21      11%         3

Your spell library contained the following spells:

 Spells                   Type           Power      Damage    Failure   Level
 Inner Flame              Hex/Fire       11%        N/A       19%         3
 Sticky Flame             Conj/Fire      16%        2d4       34%         4
 Fireball                 Conj/Fire      8%         3d6       69%         5


Dungeon Overview and Level Annotations

Branches:
Dungeon (2/15)

Altars:


Message History

You kill the rat!
The giant cockroach bites you but does no damage.
The goblin shoots a stone.
The stone hits you.
The foxfire hits the giant cockroach.
The giant cockroach is severely wounded.
The foxfire hits the giant cockroach.
The giant cockroach is moderately wounded.
The goblin shoots a stone.
The stone hits you. The giant cockroach barely misses you.
The giant cockroach waves its antennae.
The giant cockroach bites you.
Casting: Foxfire (safe; 3% risk of failure)
Confirm with . or Enter, or press ? or * to list all spells.
You conjure some foxfire!
The foxfire hits the giant cockroach.
The giant cockroach is moderately wounded.
The giant cockroach bites you but does no damage.
The goblin unwields a +0 hunting sling.
The goblin wields a +2 vampiric dagger.
The goblin hits you with a +2 vampiric dagger.
The giant cockroach closely misses you.
Your foxfire dissipates!
The goblin hits you with a +2 vampiric dagger.
Casting: Foxfire (safe; 3% risk of failure)
Confirm with . or Enter, or press ? or * to list all spells.
You conjure some foxfire!
The giant cockroach completely misses you.
The giant cockroach misses you.
The goblin hits you with a +2 vampiric dagger.
* * * LOW HITPOINT WARNING * * *
The foxfire hits the giant cockroach.
You kill the giant cockroach!
The foxfire hits the giant cockroach.
The giant cockroach is severely wounded.
The giant cockroach bites you.
* * * LOW HITPOINT WARNING * * *
Casting: Foxfire (safe; 3% risk of failure)
Confirm with . or Enter, or press ? or * to list all spells.
You conjure some foxfire!
The giant cockroach bites you.
* * * LOW HITPOINT WARNING * * *
The giant cockroach misses you. The giant cockroach bites you.
You die...

[...$.#.#....#
#.# .....
#.###### #.#
..B..##.####
#.#
....##.....#
#..
#####.†....#
#######
#....#....####
#<.....
#.####.......#
######. #
#..†BBg.# #.
#...v@v.# ..
#.
############..
#. #......##
#. #.......#
#. #.......#
#. #.......#
#. #.......###
#.
##....)....#
#.
#..........#
#.


You could see 2 giant cockroaches and a goblin.

Vanquished Creatures
  2 ball pythons (D:2)
  4 endoplasms
  5 giant cockroaches
  A goblin (D:1)
  4 hobgoblins
  2 quokkas
  2 bats (D:1)
  3 frilled lizards
  5 kobolds
  7 rats
35 creatures vanquished.

Vanquished Creatures (others)
  91 foxfires
91 creatures vanquished.

Grand Total: 126 creatures vanquished

Notes
Turn   | Place    | Note
-------+----------+-------------------------------------------
     0 | D:1      | raph the Deep Elf Fire Elementalist began the quest for the
                  | Orb.
     0 | D:1      | Reached XP level 1. HP: 10/10 MP: 6/6
   273 | D:1      | Reached XP level 2. HP: 10/15 MP: 2/8
  1105 | D:2      | Reached skill level 4 in Fire Magic
  1249 | D:2      | Reached XP level 3. HP: 19/19 MP: 6/9
  1255 | D:2      | Learned a level 3 spell: Conjure Flame
  1439 | D:2      | Slain by a giant cockroach

Illustrated notes

Levels and vault maps discovered:
D:1:      dpeg_arrival_erosion, layout_rooms, fountainhead
D:2:      minmay_roachtagon, layout_basic, amethyst_killhole, kennysheep_nub

Skill      XL: |  1  2 |
---------------+-------+-----
Conjurations   | 2 |  2.6
Fire Magic     | 4 |  4.1
Dodging        | |  2.4
Stealth        | |  2.4
Spellcasting   | |  3.0

Action                   || total
-------------------------++-------
Melee: Unarmed           ||     6
       Dagger            ||     2
 Cast: Foxfire           ||    60
  Use: Scroll            ||     1
Armor: Robe              ||     9
Dodge: Dodged            ||    20
